[Event "Titled Tuesday Blitz April 4 Early 2023"]
[White "Levine, David"]
[Black "koncheto"]
[WhiteFideId "2011611"]
[WhiteElo "2087"]
[BlackElo "2530"]
[Result "1/2-1/2"]
[Round "01"]
[TimeControl "180+2"]
[Date "2023.04.04"]
[WhiteClock "0:00:01"]
[BlackClock "0:00:14"]

1. d4 Nf6 2. c4 e6 3. g3 c5 4. d5 exd5 5. cxd5 d6 6. Nc3 g6 7. Bg2 Bg7 8. Nf3 O-O 9. O-O a6 10. a4 Re8 11. Bf4 Qc7 12. Re1 Nbd7 13. e4 Ng4 14. Qc2 Rb8 15. a5 Nge5 16. Nxe5 Nxe5 17. h3 f5 18. exf5 Bxf5 19. Qb3 c4 20. Qa4 Nd3 21. Rxe8+ Kf7 22. Rxb8 Bd7 23. Rxb7 Qxb7 24. Qxc4 Qxb2 25. Rb1 Qxc3 26. Qxc3 Bxc3 27. Rb3 Nxf4 28. gxf4 Bxa5 29. Bf1 Bd2 30. Bxa6 Bxf4 31. Rb7 Ke8 32. Bb5 Bxb5 33. Rxb5 Bg5 34. Rb7 Be7 35. Kg2 Kf7 36. Kf3 h5 37. Ke4 Kf6 38. f4 Bd8 39. Rd7 Be7 40. h4 Bf8 41. Rd8 Be7 42. Rd7 Bf8 43. Rd8 Be7 44. Ra8 Kf7 45. Ra7 Ke8 46. f5 gxf5+ 47. Kxf5 Bxh4 48. Ke6 Kd8 49. Ra8+ Kc7 50. Ra7+ Kb6 51. Rh7 Bg3 52. Rxh5 Kc5 53. Rh8 Be5 54. Rc8+ Kd4 55. Rc6 Ke4 56. Rxd6 Kd4 57. Rc6 Bh2 58. Rc2 Bf4 59. d6 Kd3 1/2-1/2


[Site "https://www.chess.com"]

[Event "Titled Tuesday Blitz April 4 Early 2023"]
[White "Eynullayev, Atilla"]
[Black "Hartikainen, Jarmo"]
[WhiteFideId "13413570"]
[BlackFideId "503134"]
[WhiteElo "2181"]
[BlackElo "2081"]
[Result "1-0"]
[Round "01"]
[TimeControl "180+2"]
[Date "2023.04.04"]
[WhiteClock "0:01:21"]
[BlackClock "0:01:15"]

1. d4 Nf6 2. c4 e6 3. Nc3 d5 4. cxd5 exd5 5. Bg5 Be7 6. e3 O-O 7. Bd3 b6 8. Bxf6 Bxf6 9. Qh5 g6 10. Qxd5 Qxd5 11. Nxd5 Bd8 12. Be4 c6 13. Nc3 Bb7 14. Rc1 Re8 15. Bf3 Na6 16. Nge2 Nb4 17. O-O Bf6 18. a3 Nd3 19. Rc2 Rad8 20. Rd1 Ba6 21. Bxc6 Re7 22. Nd5 1-0


[Site "https://www.chess.com"]

[Event "Titled Tuesday Blitz April 4 Early 2023"]
[White "Winkels, Marcel"]
[Black "Francisco Guecamburu, Candela Be"]
[WhiteFideId "1003887"]
[BlackFideId "160911"]
[WhiteElo "1900"]
[BlackElo "2326"]
[Result "0-1"]
[Round "01"]
[TimeControl "180+2"]
[Date "2023.04.04"]
[WhiteClock "0:00:43"]
[BlackClock "0:02:11"]

1. d4 Nf6 2. Nc3 d5 3. Bf4 e6 4. Nb5 Na6 5. e3 Be7 6. Nf3 O-O 7. Bd3 Bd7 8. O-O Be8 9. Ne5 c6 10. Nc3 Qb6 11. Rb1 c5 12. dxc5 Nxc5 13. Qf3 Rc8 14. Qh3 Nxd3 15. cxd3 d4 16. Ne4 Nxe4 17. dxe4 f6 18. Nf3 Bg6 19. Nxd4 e5 20. Qe6+ Qxe6 21. Nxe6 Rfe8 22. Bg3 Bd6 23. Rbc1 Rxc1 24. Rxc1 Rxe6 25. Rc8+ Re8 26. Rc3 Bxe4 27. Rb3 Rc8 28. f3 Rc1+ 29. Kf2 Rc2+ 30. Kf1 Bd5 31. Rb5 Bc4+ 0-1


[Site "https://www.chess.com"]

[Event "Titled Tuesday Blitz April 4 Early 2023"]
[White "Mortazavi, Ali"]
[Black "Necula, Iulian"]
[WhiteFideId "401323"]
[BlackFideId "1232380"]
[WhiteElo "2339"]
[BlackElo "1790"]
[Result "1-0"]
[Round "01"]
[TimeControl "180+2"]
[Date "2023.04.04"]
[WhiteClock "0:00:36"]
[BlackClock "0:00:04"]

1. e4 d6 2. d4 Nf6 3. Nc3 e5 4. Nf3 Nbd7 5. Bc4 Be7 6. a4 c6 7. Ba2 h6 8. a5 a6 9. O-O Qc7 10. Nh4 Nf8 11. dxe5 dxe5 12. Nf5 Bxf5 13. exf5 Rd8 14. Qf3 N8h7 15. Be3 c5 16. Qg3 Nh5 17. Qf3 N7f6 18. Bc4 O-O 19. g3 Rd4 20. b3 e4 21. Qg2 Ng4 22. Bxd4 cxd4 23. Nxe4 Ne5 24. Bd3 g6 25. fxg6 fxg6 26. Nd2 Kg7 27. Qe4 Nf6 28. Qxd4 Rd8 29. Qb2 Nxd3 30. cxd3 Rxd3 31. Rfe1 Bd8 32. Ne4 Qf7 33. b4 Kh7 34. Nc5 Rf3 35. Rad1 Bc7 36. Ne6 Bb8 37. Rd8 Ng4 38. Qh8# 1-0


[Site "https://www.chess.com"]

[Event "Titled Tuesday Blitz April 4 Early 2023"]
[White "Latreche, Khadidja"]
[Black "Hirneise, Jens"]
[WhiteFideId "7901780"]
[BlackFideId "24614734"]
[WhiteElo "1869"]
[BlackElo "2345"]
[Result "0-1"]
[Round "01"]
[TimeControl "180+2"]
[Date "2023.04.04"]
[WhiteClock "0:00:06"]
[BlackClock "0:01:02"]

1. e4 d5 2. exd5 Qxd5 3. Nc3 Qd6 4. d4 Nf6 5. Nf3 a6 6. Ne5 c5 7. Be3 cxd4 8. Qxd4 Qxd4 9. Bxd4 Nfd7 10. O-O-O e6 11. Nc4 b5 12. Nb6 Nxb6 13. Bxb6 Nd7 14. Be3 Bb7 15. f3 Rc8 16. a3 Be7 17. Bd3 Nf6 18. Rhe1 O-O 19. Bd4 Rfd8 20. Be5 Nd7 21. Bg3 Nb6 22. Ne4 b4 23. axb4 Bxb4 24. c3 Be7 25. Kb1 a5 26. h4 a4 27. Ng5 h6 28. Nxe6 fxe6 29. Rxe6 Bc5 30. Be5 Bd5 31. Rg6 Bf8 32. Ka1 Nc4 33. Bf5 Nxe5 34. Rg3 Rc6 35. Rxd5 Rxd5 36. Be4 Rd1+ 37. Ka2 Rc4 38. Bc2 Rc1 39. Bf5 Kf7 40. f4 Rxf4 41. Bc8 Rc2 42. Re3 Rxb2+ 43. Kxb2 Nc4+ 0-1


[Site "https://www.chess.com"]

[Event "Titled Tuesday Blitz April 4 Early 2023"]
[White "Gurevich, Dmitry"]
[Black "Sanchez, Robert"]
[WhiteFideId "2000407"]
[BlackFideId "2034360"]
[WhiteElo "2506"]
[BlackElo "2047"]
[Result "1-0"]
[Round "01"]
[TimeControl "180+2"]
[Date "2023.04.04"]
[WhiteClock "0:02:10"]
[BlackClock "0:02:51"]

1. d4 d5 2. c4 c6 3. e3 Nf6 4. Nc3 e6 5. Nf3 Bd6 6. Bd3 Nbd7 7. O-O dxc4 8. Bxc4 b5 9. Bd3 Bb7 10. e4 e5 11. d5 a6 12. dxc6 Bxc6 13. Bxb5 axb5 14. Qxd6 Qb6 15. Nxe5 Nxe5 16. Qxe5+ Kf8 17. Be3 1-0


[Site "https://www.chess.com"]

[Event "Titled Tuesday Blitz April 4 Early 2023"]
[White "hsd2016"]
[Black "Bayo Milagro, Alvaro"]
[BlackFideId "22275240"]
[WhiteElo "2030"]
[BlackElo "2270"]
[Result "0-1"]
[Round "01"]
[TimeControl "180+2"]
[Date "2023.04.04"]
[WhiteClock "0:00:12"]
[BlackClock "0:00:27"]

1. e4 e6 2. d4 d5 3. Nd2 Be7 4. c3 Nf6 5. e5 Nfd7 6. f4 c5 7. Ngf3 b6 8. Bd3 Ba6 9. Bxa6 Nxa6 10. Qe2 Nc7 11. O-O O-O 12. a3 f5 13. b4 Kh8 14. Re1 Rg8 15. Nf1 a5 16. Rb1 axb4 17. axb4 c4 18. Ng3 Nb5 19. Qe3 Ra2 20. Re2 Qa8 21. h3 Qa4 22. Bd2 Ra1 23. Rxa1 Qxa1+ 24. Kh2 Ra8 25. Nh5 Ra3 26. Re1 Qa2 27. Ng5 Bxg5 28. fxg5 Nf8 29. Nf4 Qc2 30. Rc1 Qe4 31. Qf2 Ra2 32. Re1 Qc2 33. Re2 Ra1 34. g6 Nxc3 35. Bxc3 Qxc3 36. Qh4 Qc1 37. gxh7 Qg1+ 38. Kg3 Ra3+ 0-1


[Site "https://www.chess.com"]

[Event "Titled Tuesday Blitz April 4 Early 2023"]
[White "Hristodoulou, Panagiotis"]
[Black "Singgih, Diajeng Theresa"]
[WhiteFideId "4214340"]
[BlackFideId "7104391"]
[WhiteElo "2272"]
[BlackElo "1891"]
[Result "1-0"]
[Round "01"]
[TimeControl "180+2"]
[Date "2023.04.04"]
[WhiteClock "0:00:27"]
[BlackClock "0:00:02"]

1. e4 e5 2. Nf3 Nc6 3. Bc4 Bc5 4. O-O Nf6 5. d3 O-O 6. h3 h6 7. a4 d5 8. exd5 Nxd5 9. Re1 Be6 10. Nbd2 a6 11. c3 Nf4 12. Ne4 Bxc4 13. Bxf4 Bxf2+ 14. Nxf2 exf4 15. dxc4 Qf6 16. Ng4 Qf5 17. Qd5 Qc2 18. Qd2 Qg6 19. Nge5 Nxe5 20. Rxe5 Qg3 21. Qf2 Qg6 22. Rd1 Rfe8 23. Red5 Kh7 24. Kh2 Re3 25. Rd7 Rae8 26. R1d2 h5 27. Qh4 Re2 28. Qg5 Qxg5 29. Nxg5+ Kg6 30. Nf3 f6 31. b4 R2e4 32. Rxc7 b6 33. Rdd7 1-0


[Site "https://www.chess.com"]

[Event "Titled Tuesday Blitz April 4 Early 2023"]
[White "Maluco_do_Natal_00"]
[Black "Salman, Pavel"]
[BlackFideId "24153753"]
[WhiteElo "2006"]
[BlackElo "2187"]
[Result "0-1"]
[Round "01"]
[TimeControl "180+2"]
[Date "2023.04.04"]
[WhiteClock "0:00:01"]
[BlackClock "0:02:08"]

1. e4 c5 2. Nf3 e6 3. d4 cxd4 4. Nxd4 a6 5. Nc3 Qc7 6. a3 b5 7. Be3 b4 8. axb4 Bxb4 9. Qd2 Nf6 10. f3 d5 11. e5 Qxe5 12. Kf2 Qc7 13. Nb3 O-O 14. Be2 Bb7 15. Rhd1 e5 16. Bg5 d4 17. Bxf6 gxf6 18. Qd3 dxc3 19. bxc3 Qxc3 20. Qf5 e4 21. fxe4 Qe5 22. Qg4+ Qg5 23. Qf3 Nc6 24. Bd3 Ne5 25. Qe2 Kh8 26. g3 Rg8 27. Rg1 Ng4+ 28. Kg2 Ne3+ 29. Kh1 Rae8 30. Ra4 Rxe4 0-1


[Site "https://www.chess.com"]

[Event "Titled Tuesday Blitz April 4 Early 2023"]
[White "Sreyas Payyappat"]
[Black "Semenova, Alina"]
[WhiteFideId "46674969"]
[BlackFideId "24113875"]
[WhiteElo "2083"]
[BlackElo "1833"]
[Result "1-0"]
[Round "01"]
[TimeControl "180+2"]
[Date "2023.04.04"]
[WhiteClock "0:01:10"]
[BlackClock "0:00:02"]

1. e4 e5 2. Nf3 Nf6 3. Nxe5 d6 4. Nf3 Nxe4 5. Nc3 Nxc3 6. dxc3 Be6 7. Be3 Nc6 8. Bd3 Qd7 9. O-O O-O-O 10. Qe2 Bf5 11. Rad1 Bxd3 12. Rxd3 Qf5 13. Rfd1 Re8 14. Rd5 Qg4 15. Qb5 a6 16. Qb3 Be7 17. h3 Qg6 18. Nd4 Ne5 19. f4 c6 20. Ra5 Nd7 21. Nxc6 Bd8 22. Nxd8 Rxd8 23. Rad5 Rhe8 24. Ba7 Qe4 25. Rxd6 1-0


[Site "https://www.chess.com"]

[Event "Titled Tuesday Blitz April 4 Early 2023"]
[White "Naroditsky, Daniel"]
[Black "Domingo Nunez, Alejandro"]
[WhiteFideId "2026961"]
[BlackFideId "22245561"]
[WhiteElo "2633"]
[BlackElo "2291"]
[Result "1-0"]
[Round "02"]
[TimeControl "180+2"]
[Date "2023.04.04"]
[WhiteClock "0:00:14"]
[BlackClock "0:00:04"]

1. d4 g6 2. e4 Bg7 3. Nc3 c6 4. Be3 d5 5. f3 dxe4 6. fxe4 e5 7. dxe5 Nd7 8. Nf3 Nh6 9. Qd6 Bf8 10. Qd2 Ng4 11. Bc4 Ndxe5 12. Qxd8+ Kxd8 13. Nxe5 Nxe5 14. Bd4 Bg7 15. Bxf7 Rf8 16. O-O-O Kc7 17. Bb3 Bg4 18. Rd2 Rae8 19. h3 Bc8 20. Be3 Nd7 21. Rhd1 Be5 22. Ne2 Nf6 23. Nc3 Bxc3 24. bxc3 Nxe4 25. Rd3 Nf2 26. Bxf2 Rxf2 27. R1d2 Ree2 28. Rxe2 Rxe2 29. Rf3 Re7 30. Kd2 Bf5 31. g4 Be4 32. Rf6 Bg2 33. h4 Bh3 34. g5 Bf5 35. h5 Rd7+ 36. Ke3 Re7+ 37. Kf2 Re4 38. h6 Re7 39. Rf8 Rd7 40. Rh8 Re7 41. Bg8 Bxc2 42. Rxh7 Kd6 43. Rxe7 Kxe7 44. h7 1-0


[Site "https://www.chess.com"]

[Event "Titled Tuesday Blitz April 4 Early 2023"]
[White "Bodnaruk, Anastasia"]
[Black "Mamedov, Rauf"]
[WhiteFideId "4181751"]
[BlackFideId "13401653"]
[WhiteElo "2310"]
[BlackElo "2635"]
[Result "0-1"]
[Round "02"]
[TimeControl "180+2"]
[Date "2023.04.04"]
[WhiteClock "0:00:01"]
[BlackClock "0:00:54"]

1. e4 c5 2. Nc3 Nc6 3. Bb5 Nd4 4. Bc4 a6 5. a4 e6 6. Nge2 Nf6 7. O-O Qc7 8. f4 d6 9. d3 Be7 10. Be3 Ng4 11. Bd2 Nc6 12. Ng3 Nf6 13. f5 Ne5 14. Bg5 Bd7 15. Bxf6 Bxf6 16. Nh5 O-O-O 17. Nxf6 gxf6 18. fxe6 fxe6 19. Rxf6 Rhg8 20. Qe2 Ng4 21. Rf4 d5 22. Rxg4 dxc4 23. dxc4 Qe5 24. Rf1 Qd4+ 25. Kh1 Rxg4 26. Qxg4 Qxc4 27. Rf7 Qb4 28. Rf1 Qxb2 29. Qg3 Qxc2 30. e5 Bc6 31. a5 Kb8 32. Qe3 Qxg2# 0-1


[Site "https://www.chess.com"]

[Event "Titled Tuesday Blitz April 4 Early 2023"]
[White "Bortnyk, Olexandr"]
[Black "Manukyan, Sargis A."]
[WhiteFideId "14120828"]
[BlackFideId "13303970"]
[WhiteElo "2734"]
[BlackElo "2187"]
[Result "1-0"]
[Round "02"]
[TimeControl "180+2"]
[Date "2023.04.04"]
[WhiteClock "0:01:05"]
[BlackClock "0:00:15"]

1. d4 d5 2. Nc3 Nf6 3. Bf4 a6 4. e3 c5 5. dxc5 Nc6 6. a3 e5 7. Bg5 Be6 8. b4 Be7 9. Nf3 O-O 10. Na4 h6 11. Bxf6 Bxf6 12. Nb6 Rb8 13. Be2 d4 14. e4 a5 15. Rb1 axb4 16. axb4 Be7 17. Qd2 f5 18. Bd3 f4 19. h3 Bf6 20. Bc4 Qe7 21. Qd3 Kh8 22. Bxe6 Qxe6 23. Qb3 Qe8 24. O-O g5 25. b5 Ne7 26. Qe6 Ng6 27. Qxe8 Rbxe8 28. c6 Rf7 29. Nd5 Bd8 30. Ra1 bxc6 31. bxc6 Kg8 32. Ra8 Kf8 33. Rb1 Bc7 34. Ra7 Bd6 35. Rbb7 Rxb7 36. cxb7 Ne7 37. Nf6 Rd8 38. Ra8 Nc6 39. Nxe5 Bxe5 40. Nd7+ Ke8 41. Nxe5 Nb8 42. Ng4 Kd7 43. Nxh6 Kc7 44. Nf7 Rg8 45. Ra5 Kxb7 46. Rxg5 Rf8 47. Rf5 Rc8 48. Nd6+ 1-0


[Site "https://www.chess.com"]

[Event "Titled Tuesday Blitz April 4 Early 2023"]
[White "Andreikin, Dmitry"]
[Black "Vaibhav Jayant Raut"]
[WhiteFideId "4158814"]
[BlackFideId "5089034"]
[WhiteElo "2736"]
[BlackElo "2156"]
[Result "1-0"]
[Round "02"]
[TimeControl "180+2"]
[Date "2023.04.04"]
[WhiteClock "0:00:28"]
[BlackClock "0:00:04"]

1. Nf3 Nf6 2. c4 c5 3. Nc3 Nc6 4. g3 g6 5. Bg2 Bg7 6. O-O O-O 7. d4 cxd4 8. Nxd4 Qa5 9. Nb3 Qh5 10. e4 Qxd1 11. Rxd1 d6 12. c5 dxc5 13. Nxc5 Bg4 14. f3 Bc8 15. Be3 b6 16. Nd3 e5 17. Rac1 Be6 18. Nb5 Bd7 19. a4 Rfd8 20. Bf1 Bf8 21. Kf2 Be8 22. Rc3 Nd4 23. Nxe5 Nxb5 24. Rxd8 Rxd8 25. Bxb5 Bxb5 26. axb5 Bb4 27. Rd3 Rc8 28. Nc6 Bf8 29. Nxa7 Rc4 30. Bxb6 Rc2+ 31. Kf1 Rxb2 32. Bd4 Rb1+ 33. Ke2 Nd7 34. Rd1 Rb3 35. Rc1 h5 36. Rc8 h4 37. gxh4 Rb4 38. Kd3 Rb3+ 39. Kc4 Rxf3 40. b6 Nxb6+ 41. Bxb6 Kg7 42. Bd4+ f6 43. Nb5 Rf4 44. Kd5 Rxh4 45. Bxf6+ Kxf6 46. Rxf8+ Kg5 47. Rf2 Rh3 48. e5 Rd3+ 49. Nd4 Kh4 50. e6 g5 51. e7 1-0


[Site "https://www.chess.com"]

[Event "Titled Tuesday Blitz April 4 Early 2023"]
[White "Toropov, Pavel"]
[Black "Duda, Jan-Krzysztof"]
[WhiteFideId "24129178"]
[BlackFideId "1170546"]
[WhiteElo "2182"]
[BlackElo "2790"]
[Result "0-1"]
[Round "02"]
[TimeControl "180+2"]
[Date "2023.04.04"]
[WhiteClock "0:00:10"]
[BlackClock "0:00:43"]

1. e4 c5 2. Nf3 d6 3. Bb5+ Bd7 4. Bxd7+ Nxd7 5. Qe2 g6 6. c3 Rc8 7. O-O Bh6 8. d3 Bxc1 9. Rxc1 Ngf6 10. Nbd2 O-O 11. d4 e6 12. e5 Ne8 13. exd6 Nxd6 14. Ne4 Qe7 15. Rd1 Nxe4 16. Qxe4 Nf6 17. Qh4 c4 18. Ng5 Rfe8 19. Re1 Kg7 20. Re2 h6 21. Ne4 Nd5 22. Qg3 Red8 23. Rae1 b5 24. a3 a5 25. h4 Qc7 26. Qf3 Qf4 27. Qh3 b4 28. axb4 axb4 29. Nc5 Rc6 30. Re4 Qf6 31. h5 g5 32. Qg4 bxc3 33. bxc3 Nxc3 34. Nxe6+ fxe6 35. Rxe6 Rxe6 36. Rxe6 Rxd4 37. Rxf6 Rxg4 0-1


[Site "https://www.chess.com"]

[Event "Titled Tuesday Blitz April 4 Early 2023"]
[White "Hakobyan, Aram"]
[Black "Turayev, Shahruh"]
[WhiteFideId "13306677"]
[BlackFideId "14003856"]
[WhiteElo "2584"]
[BlackElo "2139"]
[Result "1-0"]
[Round "02"]
[TimeControl "180+2"]
[Date "2023.04.04"]
[WhiteClock "0:00:04"]
[BlackClock "0:00:15"]

1. d4 d5 2. c4 e6 3. Nf3 Nf6 4. g3 Be7 5. Bg2 O-O 6. Nc3 c6 7. Nd2 Nbd7 8. O-O b5 9. cxb5 cxb5 10. Nxb5 Qb6 11. a4 a6 12. Nc3 Qxd4 13. e4 Bb7 14. Nb3 Qxd1 15. Rxd1 dxe4 16. Na5 Bd5 17. Nxe4 Nxe4 18. Bxe4 Bxe4 19. Rxd7 Bf6 20. Nc4 Rac8 21. Nd6 Bc6 22. Nxc8 Bxd7 23. Nb6 Bc6 24. Be3 Bxb2 25. Rb1 Bf6 26. Rc1 Bf3 27. Nd7 Rd8 28. Nxf6+ gxf6 29. h3 Rd1+ 30. Rxd1 Bxd1 31. a5 Kf8 32. g4 Ke7 33. Bc5+ Kd7 34. Kg2 Bc2 35. Kg3 f5 36. g5 Kc6 37. Be7 Kd5 38. Bf6 e5 39. f4 e4 40. Kf2 Kc4 41. Ke3 Bd1 42. h4 Kb4 43. Bd8 Kc3 44. Bc7 Kc2 45. Bb6 Bg4 46. Bc5 Kc3 47. Ba7 Kb4 48. Bb6 Kc4 49. Bd8 Bh5 50. Be7 Kc3 51. Bd6 Kc2 52. Bb4 Bf3 53. Kd4 Kb3 54. Be1 Kc2 55. Bb4 Bg2 56. h5 Bf1 57. Ke5 Be2 58. h6 Bg4 59. Kf6 Kd3 60. Kg7 Bh5 61. Kxh7 Bg6+ 62. Kg7 Ke3 63. Bd6 Kf3 64. h7 Bxh7 65. Kxh7 e3 66. Kg7 e2 67. Bb4 Kxf4 68. Bd2+ Kg4 69. Kxf7 e1=Q 70. Bxe1 Kxg5 71. Ke6 f4 72. Kd6 Kf5 73. Kc6 Ke6 74. Bf2 Ke5 75. Kb7 Kd6 76. Kxa6 Kc6 77. Ka7 Kc7 78. a6 Kc8 79. Bb6 f3 80. Bf2 Kc7 81. Bg3+ Kc8 82. Bh4 Kc7 83. Bf2 Kc8 84. Bg3 1-0


[Site "https://www.chess.com"]

[Event "Titled Tuesday Blitz April 4 Early 2023"]
[White "Skliarov, Viktor"]
[Black "Firouzja, Alireza"]
[WhiteFideId "14106736"]
[BlackFideId "12573981"]
[WhiteElo "2317"]
[BlackElo "2904"]
[Result "0-1"]
[Round "02"]
[TimeControl "180+2"]
[Date "2023.04.04"]
[WhiteClock "0:00:04"]
[BlackClock "0:00:22"]

1. e4 c5 2. Nf3 d6 3. d4 cxd4 4. Qxd4 Nc6 5. Bb5 a6 6. Bxc6+ bxc6 7. c4 e5 8. Qd3 Ne7 9. c5 Ng6 10. cxd6 Bxd6 11. O-O Qc7 12. Rd1 Be7 13. Nc3 O-O 14. h3 a5 15. Be3 a4 16. Qc2 Qa5 17. Ne2 Rb8 18. Bd2 Qb5 19. Bc3 f5 20. Ng3 fxe4 21. Qxe4 Be6 22. Nxe5 Bd5 23. Qg4 Rf4 24. Nxg6 Rxg4 25. Nxe7+ Kf7 26. Nxd5 Rxg3 27. fxg3 cxd5 28. a3 Re8 29. Rf1+ Kg8 30. Rae1 Qc5+ 31. Kh2 Rxe1 32. Rxe1 d4 33. Bb4 Qc2 34. Re8+ Kf7 35. Re7+ Kf6 36. Rd7 Qxb2 37. Bc5 Ke6 38. Rxd4 Qc3 39. Rxa4 Qxc5 40. Rg4 g6 41. a4 Qe5 42. h4 Kf6 43. Rf4+ Kg7 44. Rg4 h6 45. Rf4 g5 46. hxg5 hxg5 47. Rf3 Kg6 48. Kg1 Kh5 49. Kh2 Kg4 50. Kg1 Qd4+ 51. Kh2 Qxa4 52. Kg1 Qa6 53. Kh2 Qc8 54. Kg1 Qc5+ 55. Kh2 Qc6 56. Re3 Qh6+ 57. Kg1 Qb6 58. Kf2 Qd4 59. Ke2 Qb2+ 60. Kf1 Qc1+ 61. Kf2 Kf5 62. Rf3+ Ke4 63. g4 Qd2+ 64. Kg3 Qd6+ 65. Kf2 Qh6 66. Rh3 Qb6+ 67. Kf1 Kf4 68. Rf3+ Kxg4 69. Ke2 Qb2+ 70. Kf1 Qc1+ 71. Kf2 Qd2+ 72. Kg1 Kh4 73. Rh3+ Kg4 74. Rf3 Kh5 75. Rh3+ Kg6 76. Rf3 g4 77. Rf1 g3 78. Rb1 Qe3+ 79. Kh1 Qh6+ 80. Kg1 Qh2+ 0-1


[Site "https://www.chess.com"]

[Event "Titled Tuesday Blitz April 4 Early 2023"]
[White "Volkov, Maksim"]
[Black "Vidit, Santosh Gujrathi"]
[WhiteFideId "54123070"]
[BlackFideId "5029465"]
[WhiteElo "2312"]
[BlackElo "2651"]
[Result "1-0"]
[Round "02"]
[TimeControl "180+2"]
[Date "2023.04.04"]
[WhiteClock "0:00:16"]
[BlackClock "0:01:14"]

1. d4 Nf6 2. c4 e6 3. g3 Bb4+ 4. Bd2 a5 5. Bg2 d5 6. Qc2 O-O 7. Nf3 Be7 8. O-O c6 9. Rd1 Nbd7 10. Bf4 a4 11. a3 h6 12. h4 Qa5 13. e3 b6 14. Ne5 Nxe5 15. dxe5 Nd7 16. cxd5 cxd5 17. e4 d4 18. Rxd4 Nxe5 19. Nc3 Bf6 20. Rxa4 Ba6 21. Rxa5 bxa5 22. Rd1 Rfc8 23. Bf1 Bb7 24. Be2 Rab8 25. Qa4 Rc5 26. Be3 Rcc8 27. Qxa5 Ba8 28. Bf4 Nc6 29. Qa6 Bb7 30. Qd3 Ne5 31. Bxe5 Bxe5 32. Qe3 Ba8 33. Nb5 Bxb2 34. a4 Be5 35. a5 Bc6 36. Na7 Rc7 37. Nxc6 Rxc6 38. a6 Ra8 39. Qb3 Rc7 40. Qb5 Bf6 41. Rd7 Rc2 42. a7 Ra2 43. Qb8+ Kh7 44. Qxa8 Rxe2 45. Qb7 1-0


[Site "https://www.chess.com"]

[Event "Titled Tuesday Blitz April 4 Early 2023"]
[White "Martinez Alcantara, Jose Eduardo"]
[Black "Itgelt, Khuyagtsogt"]
[WhiteFideId "3805662"]
[BlackFideId "4902912"]
[WhiteElo "2711"]
[BlackElo "2227"]
[Result "1/2-1/2"]
[Round "02"]
[TimeControl "180+2"]
[Date "2023.04.04"]
[WhiteClock "0:00:53"]
[BlackClock "0:00:10"]

1. e4 e6 2. d4 d5 3. Nd2 c5 4. Ngf3 Nc6 5. exd5 exd5 6. Bb5 Qe7+ 7. Be2 Qc7 8. O-O cxd4 9. Nb3 Bd6 10. Nbxd4 a6 11. Nxc6 bxc6 12. c4 Ne7 13. h3 O-O 14. b3 Be6 15. Qc2 Bf5 16. Bd3 Bxd3 17. Qxd3 Rfd8 18. Bb2 Ng6 19. Qc3 d4 20. Qd2 c5 21. Rfe1 a5 22. Rad1 Re8 23. Bc1 h6 24. Qc2 Qd7 25. Bd2 a4 26. Rxe8+ Qxe8 27. Re1 Qd7 28. Qd3 axb3 29. axb3 Re8 30. Kf1 Rb8 31. Rb1 Bf4 32. Qe4 Re8 33. Qd3 Bxd2 34. Qxd2 Qf5 35. Re1 Rb8 36. Qd1 Kh7 37. Nd2 Rb6 38. Qb1 Qxb1 39. Rxb1 Ne5 40. Ke2 f5 41. Ra1 Re6 42. Kf1 Nd3 43. g3 g5 44. Nf3 Kg6 45. Ra8 Rb6 46. Ke2 Rxb3 47. Ra6+ Kg7 48. Ra7+ Kg6 49. Ra6+ Kg7 50. Nd2 Rc3 51. Ra7+ Kg6 52. Ra6+ Kg7 53. Rc6 Nb4 54. Rxc5 d3+ 55. Kd1 Na2 56. Rc7+ Kf6 57. Nf3 Rc2 58. Rc6+ Kg7 59. Rc7+ Kf6 60. Ke1 Nc3 61. Rc6+ Kg7 62. Rd6 g4 63. hxg4 fxg4 64. Nh4 Re2+ 65. Kf1 d2 66. Nf5+ Kf8 67. Ne3 Rxe3 68. fxe3 d1=Q+ 69. Rxd1 Nxd1 70. Ke2 Nb2 71. c5 Ke7 72. e4 Ke6 73. Ke3 Na4 74. Kf4 Nxc5 75. Kxg4 Ke5 76. Kh5 Nxe4 77. Kxh6 Nxg3 1/2-1/2


[Site "https://www.chess.com"]

[Event "Titled Tuesday Blitz April 4 Early 2023"]
[White "Taboas Rodriguez, Daniel"]
[Black "Mitrabha, Guha"]
[WhiteFideId "2208466"]
[BlackFideId "5057000"]
[WhiteElo "2365"]
[BlackElo "2507"]
[Result "0-1"]
[Round "02"]
[TimeControl "180+2"]
[Date "2023.04.04"]
[WhiteClock "0:00:02"]
[BlackClock "0:00:25"]

1. d4 Nf6 2. Nf3 c5 3. d5 b5 4. c4 bxc4 5. Nc3 g6 6. e4 d6 7. Bxc4 Bg7 8. e5 dxe5 9. Nxe5 O-O 10. O-O Nfd7 11. Nc6 Nxc6 12. dxc6 Nb6 13. Bb5 Be6 14. Bg5 Qc7 15. Qf3 a6 16. Bd3 c4 17. Be4 Be5 18. h3 Rfd8 19. Rfd1 Kg7 20. Be3 Rab8 21. Rxd8 Rxd8 22. Rd1 Nc8 23. Bd5 Bxd5 24. Rxd5 Bf6 25. Bf4 Nd6 26. Bxd6 Rxd6 27. Rxd6 Qxd6 28. Qd5 Qf4 29. g3 Qb8 30. Qd7 Be5 31. Nd5 Qb5 32. Nxe7 Qxb2 33. c7 Qb1+ 34. Kh2 Qb6 0-1


[Site "https://www.chess.com"]

[Event "Titled Tuesday Blitz April 4 Early 2023"]
[White "Alekseenko, Kirill"]
[Black "Kim, Sergey"]
[WhiteFideId "4135539"]
[BlackFideId "13700570"]
[WhiteElo "2683"]
[BlackElo "2618"]
[Result "1-0"]
[Round "02"]
[TimeControl "180+2"]
[Date "2023.04.04"]
[WhiteClock "0:00:16"]
[BlackClock "0:00:04"]

1. d4 Nf6 2. Nc3 d6 3. Bg5 g6 4. Bxf6 exf6 5. e3 f5 6. h4 h5 7. g3 Bh6 8. Bg2 Nd7 9. Nge2 Nf6 10. Qd3 Ng4 11. Nd5 O-O 12. Ndf4 c6 13. O-O Re8 14. c4 Bd7 15. b4 a6 16. a4 Qe7 17. Rab1 Qf6 18. Rfc1 Re7 19. b5 axb5 20. cxb5 Rae8 21. bxc6 bxc6 22. Bxc6 Bxc6 23. Rxc6 Ra7 24. Qc4 Kg7 25. Rbb6 Rd8 26. Qb4 Qe7 27. Qb3 Qe4 28. Qd5 Qxd5 29. Nxd5 Rxa4 30. Rb7 Ra1+ 31. Kg2 Ra2 32. Ndc3 Rc2 33. Rcc7 Rf8 34. Kf1 Nh2+ 35. Ke1 Nf3+ 36. Kd1 Rd2+ 37. Kc1 Kg8 38. Ra7 Rd3 39. Nd5 Nxd4 40. Nef4 Bxf4 41. Nxf4 1-0


[Site "https://www.chess.com"]

[Event "Titled Tuesday Blitz April 4 Early 2023"]
[White "Poliakova, Varvara"]
[Black "Van Foreest, Jorden"]
[WhiteFideId "13518313"]
[BlackFideId "1039784"]
[WhiteElo "2075"]
[BlackElo "2633"]
[Result "0-1"]
[Round "02"]
[TimeControl "180+2"]
[Date "2023.04.04"]
[WhiteClock "0:01:53"]
[BlackClock "0:02:36"]

1. e4 Nf6 2. e5 Nd5 3. c4 Nb6 4. d4 d6 5. exd6 exd6 6. Nc3 Be7 7. Bd3 O-O 8. Nge2 Nc6 9. a3 Bg4 10. Be3 d5 11. b3 Bf6 12. c5 Nc8 13. f3 Bh5 14. O-O N8e7 15. Qc2 Bg6 16. Rad1 Re8 17. Bf2 Qd7 18. Bxg6 hxg6 19. b4 Nf5 20. b5 Na5 21. Rfe1 Nc4 22. Ng3 Nfe3 23. Qd3 Nxd1 24. Rxd1 Nb2 0-1


[Site "https://www.chess.com"]

[Event "Titled Tuesday Blitz April 4 Early 2023"]
[White "Atanasov, Anthony"]
[Black "Korobov, Anton"]
[WhiteFideId "2623897"]
[BlackFideId "14105730"]
[WhiteElo "2326"]
[BlackElo "2638"]
[Result "0-1"]
[Round "02"]
[TimeControl "180+2"]
[Date "2023.04.04"]
[WhiteClock "0:00:01"]
[BlackClock "0:00:43"]

1. d4 Nf6 2. Nf3 g6 3. c4 Bg7 4. Nc3 d6 5. e4 O-O 6. Be2 e5 7. dxe5 dxe5 8. Bg5 Nbd7 9. Qd2 Nc5 10. Qe3 Ne6 11. Rd1 Qe8 12. Bxf6 Bxf6 13. Nd5 Bg7 14. Ng5 Nd4 15. O-O Qd8 16. Nf3 c6 17. Nc3 Bg4 18. Nxe5 Bxe5 19. Bxg4 Qh4 20. f4 Qxg4 21. fxe5 Ne6 22. Rd7 Rad8 23. h3 Qh5 24. Rxb7 a5 25. Ne2 Qxe5 26. Nf4 Nc5 27. Ra7 Nxe4 28. Re1 Rfe8 29. Nd3 Qd6 30. Rxa5 Qxd3 31. Qxd3 Rxd3 32. Ra6 c5 33. Rc6 Re5 34. Rc8+ Kg7 35. a3 Rd2 36. b4 h5 37. b5 Rg5 38. Rxe4 Rgxg2+ 39. Kf1 Rh2 40. Kg1 Rdg2+ 41. Kf1 Ra2 42. Kg1 Rhc2 43. Re1 Rxa3 44. b6 Rb2 45. Rb8 Rg3+ 46. Kh1 Rxh3+ 47. Kg1 Rg3+ 48. Kh1 Rg4 49. b7 Rxc4 50. Rd1 h4 51. Rg1 h3 52. Rf1 Rcc2 53. Re1 Rh2+ 0-1


[Site "https://www.chess.com"]